 Dungeon Crawl Stone Soup version 0.30-a0-737-gf23d94013f (webtiles) character file.

Game seed: 10686239185017822196

32 Sabo the Conjurer (level 3, 0/22 HPs)
             Began as a Gargoyle Reaver on Feb 1, 2023.
             Was an Initiate of Ashenzari.
             Slain by a worm (9 damage)
             ... on level 2 of the Dungeon.
             The game lasted 00:07:52 (1894 turns).

Sabo the Conjurer (Gargoyle Reaver)                 Turns: 1894, Time: 00:07:53

Health: 0/22       AC:  6    Str: 15    XL:     3   Next: 25%
Magic:  6/6        EV: 11    Int: 15    God:    Ashenzari [......]
Gold:   63         SH:  0    Dex:  8    Spells: 5/6 levels left

rFire   . . .      SeeInvis .    a - +0 hand axe
rCold   . . .      Faith    .    (no shield)
rNeg    + . .      Spirit   .    b - +0 leather armour
rPois   ∞          Reflect  .    (no helmet)
rElec   +          Harm     .    (no cloak)
rCorr   .          Rampage  .    (no gloves)
Will    .....                    (no boots)
Stlth   +                        f - amulet of the acrobat
HPRegen 0.23/turn                e - ring of flight
MPRegen 0.10/turn                (no ring)

@: flying
A: sickness immunity, AC +3, negative energy resistance 1, electricity
resistance, torment resistance 1, petrification resistance
a: Renounce Religion, Curse Item


You were on level 2 of the Dungeon.
You worshipped Ashenzari.
Ashenzari was noncommittal.
You visited 1 branch of the dungeon, and saw 2 of its levels.

You collected 63 gold pieces.

Inventory:

Hand Weapons
 a - a +0 hand axe (weapon)
Armour
 b - a +0 leather armour (worn)
Jewellery
 e - a ring of flight (left hand)
 f - an amulet of the acrobat (around neck)
Scrolls
 c - a scroll of enchant weapon {unknown}
Potions
 d - 3 potions of curing {unknown}
 g - a potion of berserk rage {unknown}
 h - a potion of mutation {unknown}
 i - a potion of brilliance {unknown}


   Skills:
 + Level 2.5 Fighting
 + Level 3.0 Axes
 + Level 0.7 Armour
 + Level 1.8 Dodging
 + Level 0.4 Stealth
 + Level 2.1 Spellcasting
 + Level 3.5 Conjurations


You had 5 spell levels left.
You knew the following spells:

 Your Spells              Type           Power      Damage    Failure   Level
a - Kiss of Death         Conj/Necr      28%        2d7       13%         1

Your spell library contained the following spells:

 Spells                   Type           Power      Damage    Failure   Level
 Momentum Strike          Conj/Tloc      14%        3d8       19%         2
 Hailstorm                Conj/Ice       7%         3d4       36%         3


Dungeon Overview and Level Annotations

Branches:
Dungeon (2/15)

Altars:
Ashenzari


Innate Abilities, Weirdness & Mutations

You are immune to sickness and miasma.
Your stone body is resilient. (AC +3)
You are immune to poison.
You resist negative energy. (rN+)
You are resistant to electric shocks. (rElec)
You are resistant to unholy torment.
You are immune to petrification.


Message History

There is an open door here.
A ball python comes into view.
The ball python hisses angrily.
The ball python moves out of view.
A frilled lizard comes into view.
The frilled lizard hisses angrily.
The ball python completely misses you. The ball python closely misses you.
You slash the ball python!
You kill the ball python!
You hit the frilled lizard.
You kill the frilled lizard!
Found a murky puce potion.
A worm comes into view.
Found a stone staircase leading down.
The worm closely misses you.
You hit the worm.
The worm is lightly wounded.
You hit the worm but do no damage.
The worm is lightly wounded.
The worm bites you!
You hit the worm.
The worm is heavily wounded.
The worm bites you!
You hit the worm.
The worm is severely wounded.
You barely miss the worm.
The worm is severely wounded.
The worm closely misses you.
You hit the worm.
The worm is almost dead.
The worm closely misses you.
You hit the worm but do no damage.
The worm is almost dead.
The worm bites you.
You hit the worm.
The worm is almost dead.
You hit the worm but do no damage.
The worm is almost dead.
The worm bites you!
You die...

..... #. .. ######
###.##.### #.....
........## .##.. ..
#....... #..
..####......### #######..
.>.........!.. .........
....##....w.# #######†.
.........@.#########..†...
.#.......##......#.###..
#.......##........)....
#.#....###......#.###.# #
#....# #......#.# #.#
#....# #......#.# #.#
#....# #......#.# #.#
#....# #......#.# #.#
#.#..### #......#.# #.#


You could see a worm.

Vanquished Creatures
  4 endoplasms
  2 hobgoblins (D:1)
  5 jackals
  4 kobolds
  5 ball pythons
  A bat (D:2)
  A frilled lizard (D:2)
  3 goblins
  2 rats
27 creatures vanquished.

Notes
Turn   | Place    | Note
-------+----------+-------------------------------------------
     0 | D:1      | Sabo the Gargoyle Reaver began the quest for the Orb.
     0 | D:1      | Reached XP level 1. HP: 12/12 MP: 3/3
   396 | D:1      | Reached XP level 2. HP: 5/18 MP: 5/5
  1491 | D:2      | Reached XP level 3. HP: 19/21 MP: 6/6
  1572 | D:2      | Found a faded altar of an unknown god.
  1583 | D:2      | Prayed at the altar of an unknown god.
  1583 | D:2      | Became a worshipper of Ashenzari the Shackled
  1894 | D:2      | Slain by a worm

Illustrated notes

Levels and vault maps discovered:
D:1:      lightli_molten_gateway, layout_basic
D:2:      layout_basic, hellmonk_ecumenical_altar_slurped_away,
          minmay_pentomino_z2

Skill      XL: |  1  2  3 |
---------------+----------+-----
Axes           | 3 |  3.0
Fighting       | |  2.5
Armour         | |  0.7
Dodging        | |  1.8
Stealth        | |  0.4
Spellcasting   | |  2.1
Conjurations   | |  3.5

Action                     || total
---------------------------++-------
  Melee: Hand axe          ||    80
         Punch             ||     3
   Cast: Kiss of Death     ||     2
 Armour: Leather armour    ||    40
  Dodge: Dodged            ||    45

Table legend: (Time is in decaauts)
 A = Elapsed time spent in this place.
 B = Non-inter-level travel time spent in this place.
 C = Inter-level travel time spent in this place.
 D = Time resting spent in this place.
 E = Time spent auto-exploring this place.
 F = Levels seen in this place.
 G = Mean time per level.
                   A        B        C        D        E       F      G
               +--------+--------+--------+--------+--------+-----+--------+
         Total |   1906 |   1906 |      0 |    523 |      0 |   2 |  953.0 |
       Dungeon |   1906 |   1906 |      0 |    523 |      0 |   2 |  953.0 |
               +--------+--------+--------+--------+--------+-----+--------+

Top non-repeatable levels by time:
     D:1: 1407 daAuts
     D:2: 498 daAuts
